 Seeded DCSS version 0.29.1-2-gbd0b4ee654 (webtiles) character file.

Game seed: 4372347837358828098 (custom seed)

5 gzilladon the Shield-Bearer (level 1, 23/23 HPs)
             Began as a Gnoll Fighter on Nov 9, 2022.
             Was a Follower of Vehumet.
             Quit the game on level 1 of the Dungeon.
             The game lasted 00:00:39 (144 turns).

gzilladon the Shield-Bearer (Gnoll Fighter)          Turns: 144, Time: 00:00:40

Health: 23/23      AC:  7    Str: 15    XL:     1   Next: 80%
Magic:  1/1        EV:  6    Int:  7    God:    Vehumet [*.....]
Gold:   24         SH: 13    Dex: 11    Spells: 0/0 levels left

rFire   . . .      SeeInvis .   a - +0 war axe
rCold   . . .      Faith    .   e - +0 tower shield
rNeg    . . .      Spirit   .   b - +0 scale mail
rPois   .          Reflect  .   (no helmet)
rElec   .          Harm     .   (no cloak)
rCorr   .          Rampage  .   (no gloves)
Will    .....                   (no boots)
Stlth   ..........              (no amulet)
HPRegen 0.07/turn               (no ring)
MPRegen 0.07/turn               (no ring)

@: no status effects
A: fangs 1, strong nose, distributed training
a: Renounce Religion


You were on level 1 of the Dungeon.
You worshipped Vehumet.
Vehumet was aware of your devotion.
You visited 1 branch of the dungeon, and saw 1 of its levels.

You collected 24 gold pieces.

Inventory:

Hand Weapons
 a - a +0 war axe (weapon)
Missiles
 g - 3 stones (quivered)
Armour
 b - a +0 scale mail (worn)
 c - a +0 buckler
 e - a +0 tower shield (worn)
Scrolls
 f - a scroll of amnesia {unknown}
Potions
 d - a potion of might


   Skills:
 + Level 6.4 Fighting
 + Level 0.1 Short Blades
 + Level 0.1 Long Blades
 + Level 4.4 Axes
 + Level 0.1 Maces & Flails
 + Level 0.1 Polearms
 + Level 0.1 Staves
 + Level 0.1 Ranged Weapons
 + Level 0.1 Throwing
 + Level 6.4 Armour
 + Level 0.1 Dodging
 + Level 0.1 Stealth
 + Level 6.4 Shields
 + Level 0.1 Unarmed Combat
 + Level 0.1 Spellcasting
 + Level 0.1 Conjurations
 + Level 0.1 Hexes
 + Level 0.1 Summonings
 + Level 0.1 Necromancy
 + Level 0.1 Translocations
 + Level 0.1 Transmutations
 + Level 0.1 Fire Magic
 + Level 0.1 Ice Magic
 + Level 0.1 Air Magic
 + Level 0.1 Earth Magic
 + Level 0.1 Poison Magic
 + Level 0.2 Invocations
 + Level 0.1 Evocations


You couldn't memorise any spells.
You didn't know any spells.
Your spell library was empty.

Dungeon Overview and Level Annotations

Branches:
Dungeon (1/15)

Altars:
Vehumet


Innate Abilities, Weirdness & Mutations

You have very sharp teeth.
Your uncanny sense of smell can sniff out nearby items.
Your experience applies equally to all skills.


Message History

The ball python constricts you.
You barely miss the ball python.
The ball python is moderately wounded.
The ball python bites you but does no damage.
The ball python constricts you. You block the ball python's attack.
The ball python constricts you.
You closely miss the ball python. You block the ball python's attack.
The ball python constricts you. The ball python barely misses you.
The ball python constricts you.
You slash the ball python!
You kill the ball python!
A kobold comes into view. It is wielding a +0 short sword.
Found 12 gold pieces.
The kobold shouts!
The kobold throws a stone.
You block the stone.
The kobold throws a stone.
You block the stone. You block the kobold's attack.
You miss the kobold. The kobold barely misses you.
You block the kobold's attack.
You closely miss the kobold. You block the kobold's attack.
You slash the kobold!
You kill the kobold!
g - 3 stones (gained 1)
You see here a +0 short sword.
You now have 12 gold pieces.
You open the door.
Found a hand axe and 12 gold pieces.
There is an open door here.
You now have 24 gold pieces (gained 12).
You open the door.
There is an open door here.
Found a faded altar of an unknown god.
Found a leather armour.
There is a faded altar of an unknown god here.
You cannot tell which god this altar belongs to.
Convert to them anyway?
Vehumet accepts your prayer! Vehumet welcomes you!
You can now gain magical power from killing.
Vehumet offers you knowledge of Magic Dart.
Are you sure you want to abandon this character and quit the game? (Confirm with "yes".)

#.......## ##.....##
##...## ##'## #.#####
#.....# ##.###.#
♣♣♣♣♣♣♣♣ ##...##.#
♣♣..8_8.♣♣
#.....#.#♣♣....@...♣
..........♣...♣.[.♣♣..♣
####.###.#♣.♣♣♣.⌠.♣ ♣.#
#.......♣♣ ♣...♣ #
#.####### ♣.♣.♣ ..♣♣.
.♣♣ ♣. ♣. .♣


There were no monsters in sight!

Vanquished Creatures
  A ball python (D:1)
  A bat (D:1)
  2 kobolds (D:1)
4 creatures vanquished.

Notes
Turn   | Place    | Note
-------+----------+-------------------------------------------
     0 | D:1      | gzilladon the Gnoll Fighter began the quest for the Orb.
     0 | D:1      | Reached XP level 1. HP: 23/23 MP: 1/1
   132 | D:1      | Found a faded altar of an unknown god.
   142 | D:1      | Prayed at the altar of an unknown god.
   142 | D:1      | Became a worshipper of Vehumet
   142 | D:1      | Reached * piety under Vehumet
   142 | D:1      | Offered knowledge of Magic Dart by Vehumet.
   144 | D:1      | Quit the game

Illustrated notes

Levels and vault maps discovered:
D:1:      dpeg_arrival_chambers_temple_mockup, layout_loops_corners,
          shapermc_ecumenical_altar_totnotflames, hex_tiny, minmay_heptomino_l4

Action                   || total
-------------------------++-------
Melee: War axe           ||    12
Armor: Scale mail        ||     4
Dodge: Dodged            ||     6
Block: Tower shield      ||    12
